| 
	| TOP OF THE 1ST | 
|---|
 
		| Rice University Owls batting - Pitching for University of Arizona Wildcats : LHP Grisha Bakhovtsev |  
		| Pitching: LHP Grisha Bakhovtsev |  |  
		| Batting: RHB Caleb Mercer | 0-0: Called Strike 0-1: Ball
 1-1: Foul Ball, location: 2F
 1-2: Ball
 2-2: Strikes out swinging
 |  
		| Batting: RHB Javier Quinones | 0-0: Ball 1-0:  Fly out, F7  (Line Drive, 7, EV 95.6 MPH)
 |  
		| Batting: RHB Jose Soto | 0-0: Called Strike 0-1: SINGLE  (Groundball, 6, EV 98.1 MPH)
 |  
		| Batting: RHB Neil Worth | 0-0: Swinging Strike 0-1: Ball
 1-1: Ball
 2-1: Foul Ball, location: 2F
 2-2: Foul Ball, location: 2F
 2-2: Strikes out swinging
 |  
		| Top of the 1st over - 0 runs, 1 hit, 0 errors, 1 left on base; Rice University 0 - University of Arizona 0 |  
	| BOTTOM OF THE 1ST | 
|---|
 
		| University of Arizona Wildcats batting - Pitching for Rice University Owls : RHP Cahya Sumual |  
		| Pitching: RHP Cahya Sumual |  |  
		| Batting: RHB Eddy Amaya | 0-0: Ball 1-0: Ground out 6-3 (Groundball, 56, EV 105.6 MPH)
 |  
		| Batting: RHB Ron Dondale | 0-0: Ball 1-0: Foul Ball, location: 2F
 1-1: Ball
 2-1: Ball
 3-1:  Fly out, F5  (Popup, 5SF, EV 76.2 MPH)
 |  
		| Batting: LHB Gerald Thornton | 0-0: Called Strike 0-1: Ball
 1-1: Foul Ball, location: 2F
 1-2: SINGLE  (Groundball, 6M, EV 108.1 MPH) (infield hit)
 |  
		| Batting: RHB Ricardo Fernandez | 0-0: Called Strike 0-1: Foul Ball, location: 2F
 0-2: Ball
 1-2: Ball
 2-2: Ball
 3-2: Ground out 6-3 (Groundball, 6, EV 94.4 MPH)
 |  
		| Bottom of the 1st over - 0 runs, 1 hit, 0 errors, 1 left on base; Rice University 0 - University of Arizona 0 |  
	| TOP OF THE 2ND | 
|---|
 
		| Rice University Owls batting - Pitching for University of Arizona Wildcats : LHP Grisha Bakhovtsev |  
		| Batting: SHB Dave Van Sickle | 0-0: Called Strike 0-1: Ball
 1-1: Ground out 5-3 (Groundball, 56S, EV 81.9 MPH)
 |  
		| Batting: LHB Chris Gonzales | 0-0: Ball 1-0: Ball
 2-0: Called Strike
 2-1: Ground out U3 (Groundball, 3, EV 105.0 MPH)
 |  
		| Batting: RHB Bill Turcotte | 0-0: Ball 1-0: Ball
 2-0: Ball
 3-0: Called Strike
 3-1: Foul Ball, location: 2F
 3-2: Base on Balls
 |  
		| Batting: RHB Allen Jarvis | 0-0: Ball 1-0: Foul Ball, location: 2F
 1-1: Called Strike
 1-2: Strikes out looking
 |  
		| Top of the 2nd over - 0 runs, 0 hits, 0 errors, 1 left on base; Rice University 0 - University of Arizona 0 |  
	| BOTTOM OF THE 2ND | 
|---|
 
		| University of Arizona Wildcats batting - Pitching for Rice University Owls : RHP Cahya Sumual |  
		| Batting: LHB Pascal Noël | 0-0: Called Strike 0-1: Ball
 1-1: Foul Ball, location: 2F
 1-2: Ball
 2-2: Strikes out swinging
 |  
		| Batting: SHB Pat Kidd | 0-0: Called Strike 0-1: Ball
 1-1: Ball
 2-1: Ball
 3-1:  Fly out, F8  (Flyball, 8LD, EV 76.9 MPH)
 |  
		| Batting: RHB Mark Walters | 0-0: Swinging Strike 0-1: Ball
 1-1: Ground out 4-3 (Groundball, 4D, EV 87.5 MPH)
 |  
		| Bottom of the 2nd over - 0 runs, 0 hits, 0 errors, 0 left on base; Rice University 0 - University of Arizona 0 |  
	| TOP OF THE 3RD | 
|---|
 
		| Rice University Owls batting - Pitching for University of Arizona Wildcats : LHP Grisha Bakhovtsev |  
		| Batting: RHB Alex Alvarez | 0-0: Called Strike 0-1: SINGLE  (Flyball, 8RS, EV 94.4 MPH)
 |  
		| Batting: RHB Caleb Mercer | 0-0: Foul Ball, location: 2F 0-1: Ball
 1-1: Called Strike
 1-2: Ball
 2-2: Fielders Choice at 2nd, 5-4 (Groundball, 56, EV 101.9 MPH)
 |  
		| Batting: RHB Javier Quinones | 0-0: Called Strike 0-1:  Fly out, F8  (Flyball, 8LS, EV 80.6 MPH)
 |  
		| Batting: RHB Jose Soto | 0-0:  Fly out, F7  (Flyball, 7D, EV 100.0 MPH) |  
		| Top of the 3rd over - 0 runs, 1 hit, 0 errors, 1 left on base; Rice University 0 - University of Arizona 0 |  
	| BOTTOM OF THE 3RD | 
|---|
 
		| University of Arizona Wildcats batting - Pitching for Rice University Owls : RHP Cahya Sumual |  
		| Batting: LHB Jere Paatelainen | 0-0: Called Strike 0-1: Ball
 1-1: Ball
 2-1:  Fly out, F8  (Line Drive, 8RS, EV 91.2 MPH)
 |  
		| Batting: RHB Carlos Maravilla | 0-0: Swinging Strike 0-1: Called Strike
 0-2: Ball
 1-2: Strikes out swinging
 |  
		| Batting: RHB Eddy Amaya | 0-0: Called Strike 0-1: Ball
 1-1: Foul Ball, location: 2F
 1-2: Foul Ball, location: 2F
 1-2: Ball
 2-2: Ball
 3-2: Ground out 6-3 (Groundball, 6, EV 100.0 MPH)
 |  
		| Bottom of the 3rd over - 0 runs, 0 hits, 0 errors, 0 left on base; Rice University 0 - University of Arizona 0 |  
	| TOP OF THE 4TH | 
|---|
 
		| Rice University Owls batting - Pitching for University of Arizona Wildcats : LHP Grisha Bakhovtsev |  
		| Batting: RHB Neil Worth | 0-0: Called Strike 0-1: SINGLE  (Groundball, 6MD, EV 111.9 MPH)
 |  
		| Batting: SHB Dave Van Sickle | 0-0: Ball 1-0: Ball
 2-0: Foul Ball, location: 2F
 2-1: Foul Ball, location: 2F
 2-2: Foul Ball, location: 2F
 2-2: Ball
 3-2: Base on Balls
 Neil Worth to second
 |  
		| Batting: LHB Chris Gonzales | 0-0: Called Strike 0-1: Ball
 1-1: Fielders Choice at 3rd, U5 (Groundball, 5L, EV 85.6 MPH)
 Dave Van Sickle to second
 |  
		| Batting: RHB Bill Turcotte | 0-0: Ball 1-0: Called Strike
 1-1: Called Strike
 1-2: Strikes out swinging
 |  
		| Batting: RHB Allen Jarvis | 0-0: Ball 1-0: Ball
 2-0: Ball
 Wild Pitch!
 Dave Van Sickle to third
 Chris Gonzales to second
 3-0: Called Strike
 3-1: Base on Balls
 |  
		| Batting: RHB Alex Alvarez | 0-0: Ball 1-0: Ball
 2-0: Called Strike
 2-1: Swinging Strike
 2-2: Ground out U3 (Groundball, 34S, EV 83.8 MPH)
 |  
		| Top of the 4th over - 0 runs, 1 hit, 0 errors, 3 left on base; Rice University 0 - University of Arizona 0 |  
	| BOTTOM OF THE 4TH | 
|---|
 
		| University of Arizona Wildcats batting - Pitching for Rice University Owls : RHP Cahya Sumual |  
		| Batting: RHB Ron Dondale | 0-0: Foul Ball, location: 2F 0-1: Foul Ball, location: 2F
 0-2: Ball
 1-2:  Fly out, F8  (Flyball, 8RM, EV 95.0 MPH)
 |  
		| Batting: LHB Gerald Thornton | 0-0: Ball 1-0: DOUBLE  (Line Drive, 9LM, EV 106.2 MPH)
 |  
		| Batting: RHB Ricardo Fernandez | 0-0: Ball 1-0: Swinging Strike
 1-1: SINGLE  (Groundball, 6MD, EV 108.8 MPH)
 Gerald Thornton to third
 Runner from 3rd tries for Home, throw by CF and OUT! 8-2
 |  
		| Batting: LHB Pascal Noël | 0-0: Called Strike 0-1: Ground out 4-3 (Groundball, 4, EV 78.8 MPH)
 |  
		| Bottom of the 4th over - 0 runs, 2 hits, 0 errors, 1 left on base; Rice University 0 - University of Arizona 0 |  
	| TOP OF THE 5TH | 
|---|
 
		| Rice University Owls batting - Pitching for University of Arizona Wildcats : LHP Grisha Bakhovtsev |  
		| Batting: RHB Caleb Mercer | 0-0: Ball 1-0: Ball
 2-0: Swinging Strike
 2-1: Foul Ball, location: 2F
 2-2: Strikes out swinging
 |  
		| Batting: RHB Javier Quinones | 0-0: Ball 1-0: SINGLE  (Groundball, 4MS, EV 73.1 MPH) (infield hit)
 |  
		| Batting: RHB Jose Soto | 0-0: Ball 1-0: Ball
 2-0: Foul Ball, location: 2F
 2-1:  Fly out, F8  (Line Drive, 89D, EV 87.5 MPH)
 |  
		| Batting: RHB Neil Worth | 0-0: Called Strike 0-1: Called Strike
 0-2: Foul Ball, location: 2F
 0-2: Ball
 1-2: Strikes out swinging
 |  
		| Top of the 5th over - 0 runs, 1 hit, 0 errors, 1 left on base; Rice University 0 - University of Arizona 0 |  
	| BOTTOM OF THE 5TH | 
|---|
 
		| University of Arizona Wildcats batting - Pitching for Rice University Owls : RHP Cahya Sumual |  
		| Batting: SHB Pat Kidd | 0-0: Called Strike 0-1: SINGLE  (Groundball, 56D, EV 104.4 MPH)
 |  
		| Batting: RHB Mark Walters | 0-0: Ball 1-0: Called Strike
 1-1: Ball
 2-1: Called Strike
 2-2: Foul Ball, location: 2F
 2-2: Foul Ball, location: 2F
 2-2: Ball
 3-2: Foul Ball, location: 2F
 3-2: Strikes out swinging
 |  
		| Batting: LHB Jere Paatelainen | 0-0: Ball 1-0: Ball
 2-0:  Fly out, F7  (Flyball, 78M, EV 96.9 MPH)
 |  
		| Batting: RHB Carlos Maravilla | 0-0: Called Strike 0-1: Foul Ball, location: 2F
 0-2: Ball
 1-2: Strikes out swinging
 |  
		| Bottom of the 5th over - 0 runs, 1 hit, 0 errors, 1 left on base; Rice University 0 - University of Arizona 0 |  
	| TOP OF THE 6TH | 
|---|
 
		| Rice University Owls batting - Pitching for University of Arizona Wildcats : LHP Grisha Bakhovtsev |  
		| Batting: SHB Dave Van Sickle | 0-0: Called Strike 0-1: Foul Ball, location: 2F
 0-2: Foul Ball, location: 2F
 0-2: Ball
 1-2: Ball
 2-2: Strikes out swinging
 |  
		| Pitching: LHP Victor Silva |  |  
		| Batting: LHB Chris Gonzales | 0-0: Ball 1-0: Bunted foul
 1-1: Foul Ball, location: 2F
 1-2: Strikes out looking
 |  
		| Batting: RHB Bill Turcotte | 0-0: Ball 1-0: Foul Ball, location: 2F
 1-1: Ground out 6-3 (Groundball, 6M, EV 80.6 MPH)
 |  
		| Top of the 6th over - 0 runs, 0 hits, 0 errors, 0 left on base; Rice University 0 - University of Arizona 0 |  
	| BOTTOM OF THE 6TH | 
|---|
 
		| University of Arizona Wildcats batting - Pitching for Rice University Owls : RHP Cahya Sumual |  
		| Batting: RHB Eddy Amaya | 0-0: Foul Ball, location: 2F 0-1: Called Strike
 0-2: DOUBLE  (Line Drive, 9LM, EV 108.1 MPH)
 |  
		| Batting: RHB Ron Dondale | 0-0: Ball 1-0: Foul Ball, location: 2F
 1-1: Called Strike
 1-2: Foul Ball, location: 2F
 1-2: Foul Ball, location: 2F
 1-2: Foul Ball, location: 2F
 1-2: Ball
 2-2: Ball
 3-2: Ground out 6-3 (Groundball, 56, EV 110.6 MPH)
 |  
		| Pitching: LHP Joe Fleury |  |  
		| Batting: LHB Gerald Thornton | 0-0: Ball 1-0: Ball
 2-0: Called Strike
 2-1:  Fly out, F7  (Line Drive, 78M, EV 91.2 MPH)
 |  
		| Batting: RHB Ricardo Fernandez | 0-0: DOUBLE  (Line Drive, 3D, EV 95.6 MPH) Eddy Amaya scores
 |  
		| Batting: LHB Pascal Noël | 0-0: Foul Ball, location: 2F 0-1: Ball
 1-1: Ball
 2-1: Ball
 3-1: Base on Balls
 |  
		| Batting: SHB Pat Kidd | 0-0: Ball 1-0: Called Strike
 1-1: Ball
 2-1:  Fly out, F8  (Flyball, 8RD, EV 90.6 MPH)
 |  
		| Bottom of the 6th over - 1 run, 2 hits, 0 errors, 2 left on base; Rice University 0 - University of Arizona 1 |  
	| TOP OF THE 7TH | 
|---|
 
		| Rice University Owls batting - Pitching for University of Arizona Wildcats : LHP Victor Silva |  
		| Pitching: RHP Steve Wiest |  |  
		| Batting: RHB Allen Jarvis | 0-0: Ball 1-0: Foul Ball, location: 2F
 1-1: Ball
 2-1: Ball
 3-1: Swinging Strike
 3-2: SINGLE  (Line Drive, 78S, EV 106.2 MPH)
 |  
		| Pinch Hitting: SHB Ken Wilson | 0-0: Ball 1-0: Called Strike
 Allen Jarvis steals 2nd base
 1-1: Called Strike
 1-2: Foul Ball, location: 2F
 1-2: Ball
 2-2:  Fly out, F8  (Flyball, 8LD, EV 85.0 MPH)
 |  
		| Batting: RHB Caleb Mercer | 0-0: Ball 1-0:  Fly out, F8  (Line Drive, 89M, EV 104.4 MPH)
 |  
		| Batting: RHB Javier Quinones | 0-0: Ball 1-0: Foul Ball, location: 2F
 1-1: Ball
 2-1: Ball
 3-1: Swinging Strike
 3-2: Base on Balls
 |  
		| Batting: RHB Jose Soto | 0-0: Fielders Choice at 2nd, 6-4 (Groundball, 6, EV 81.9 MPH) |  
		| Top of the 7th over - 0 runs, 1 hit, 0 errors, 2 left on base; Rice University 0 - University of Arizona 1 |  
	| BOTTOM OF THE 7TH | 
|---|
 
		| University of Arizona Wildcats batting - Pitching for Rice University Owls : LHP Joe Fleury |  
		| Pitching: RHP Dejenie Mensah |  |  
		| Now at 2B: Emanuel Pulido |  |  
		| Batting: RHB Larry Harlow | 0-0: Ball 1-0: Ground out 6-3 (Groundball, 6, EV 107.5 MPH)
 |  
		| Batting: LHB Jere Paatelainen | 0-0: Called Strike 0-1: Called Strike
 0-2: Ball
 1-2: Strikes out swinging
 |  
		| Batting: RHB Carlos Maravilla | 0-0: Ball 1-0: Foul Ball, location: 2F
 1-1: Ball
 2-1: Called Strike
 2-2: Foul Ball, location: 2F
 2-2: Foul Ball, location: 2F
 2-2: Strikes out looking
 |  
		| Bottom of the 7th over - 0 runs, 0 hits, 0 errors, 0 left on base; Rice University 0 - University of Arizona 1 |  
	| TOP OF THE 8TH | 
|---|
 
		| Rice University Owls batting - Pitching for University of Arizona Wildcats : RHP Steve Wiest |  
		| Pitching: RHP Gordon Angwin |  |  
		| Batting: RHB Neil Worth | 0-0: Called Strike 0-1: Foul Ball, location: 2F
 0-2:  Fly out, F8  (Line Drive, 8LM, EV 102.5 MPH)
 |  
		| Batting: SHB Dave Van Sickle | 0-0: Ball 1-0: Foul Ball, location: 2F
 1-1: Swinging Strike
 1-2: Ground out 6-3 (Groundball, 56S, EV 76.9 MPH)
 |  
		| Pitching: LHP Lance Freake |  |  
		| Pinch Hitting: SHB Wendel van Baal | 0-0: Ball 1-0: SINGLE  (Line Drive, 9S, EV 95.6 MPH)
 |  
		| Pitching: RHP Chris Galloway |  |  
		| Batting: RHB Bill Turcotte | 0-0: Ball 1-0: Foul Ball, location: 2F
 1-1:  Fly out, F9  (Flyball, 9, EV 88.8 MPH)
 |  
		| Top of the 8th over - 0 runs, 1 hit, 0 errors, 1 left on base; Rice University 0 - University of Arizona 1 |  
	| BOTTOM OF THE 8TH | 
|---|
 
		| University of Arizona Wildcats batting - Pitching for Rice University Owls : RHP Dejenie Mensah |  
		| Now in CF: Brock Ti |  |  
		| Batting: RHB Eddy Amaya | 0-0: Ball 1-0: Called Strike
 1-1: Ball
 2-1: Foul Ball, location: 2F
 2-2:  Fly out, F8  (Flyball, 8RD, EV 98.8 MPH)
 |  
		| Batting: RHB Ron Dondale | 0-0: Ball 1-0: Called Strike
 1-1: Foul Ball, location: 2F
 1-2: Ball
 2-2: Foul Ball, location: 2F
 2-2: Ball
 3-2: Strikes out swinging
 |  
		| Batting: LHB Gerald Thornton | 0-0: Foul Ball, location: 2F 0-1: Ball
 1-1: Ground out 4-3 (Groundball, 4, EV 90.6 MPH)
 |  
		| Bottom of the 8th over - 0 runs, 0 hits, 0 errors, 0 left on base; Rice University 0 - University of Arizona 1 |  
	| TOP OF THE 9TH | 
|---|
 
		| Rice University Owls batting - Pitching for University of Arizona Wildcats : RHP Chris Galloway |  
		| Batting: RHB Allen Jarvis | 0-0: Swinging Strike 0-1: Foul Ball, location: 2F
 0-2: Ball
 1-2: Strikes out looking
 |  
		| Batting: RHB Emanuel Pulido | 0-0: Ball 1-0: Foul Ball, location: 2F
 1-1: Ball
 2-1: Ball
 3-1:  Fly out, F6  (Line Drive, 6M, EV 67.5 MPH)
 |  
		| Batting: RHB Caleb Mercer | 0-0: Ball 1-0: Called Strike
 1-1: Ball
 2-1: Foul Ball, location: 2F
 2-2: Strikes out swinging
 |  
		| Top of the 9th over - 0 runs, 0 hits, 0 errors, 0 left on base; Rice University 0 - University of Arizona 1 |  |